 Dungeon Crawl Stone Soup version bcrawl-1.21 (webtiles) character file.

Game seed: 11639096450244787425

102 Foic the Ducker (level 4, -1/23 HPs)
             Began as a Spriggan Abyssal Knight on Feb 16, 2020.
             Was a Follower of Lugonu.
             Succumbed to Sigmund's poison
             ... on level 2 of the Dungeon.
             The game lasted 00:05:44 (2860 turns).

Foic the Ducker (Spriggan Abyssal Knight)           Turns: 2860, Time: 00:05:44

Health: -1/23      AC:  2    Str:  8    XL:     4   Next: 50%
Magic:  5/6        EV: 20    Int: 13    God:    Lugonu [*.....]
Gold:   116        SH:  0    Dex: 16    Spells: 3/3 levels left

rFire    . . .     SeeInvis +   a - +1 short sword
rCold    . . .     Gourm    .   (shield restricted)
rNeg     . . .     Faith    .   b - +0 robe
rPois    .         Spirit   .   (helmet restricted)
rElec    .         Reflect  .   (no cloak)
rCorr    .         Harm     .   (gloves unavailable)
MR       .....                  (boots unavailable)
Stlth    ++........             (no amulet)
HPRegen  0.07/turn              (no ring)
MPRegen  0.10/turn              (no ring)

@: lethally poisoned (-1 -> -22), very quick
A: very small, unfitting armour, see invisible, herbivore, speed 3, slow
metabolism 2
a: Depart the Abyss, Bend Space, Renounce Religion


You were on level 2 of the Dungeon.
You worshipped Lugonu.
Lugonu was aware of your devotion.
You were not hungry.

You visited 1 branch of the dungeon, and saw 2 of its levels.
You visited the Abyss 1 time.

You collected 116 gold pieces.

Inventory:

Hand Weapons
 a - a +1 short sword (weapon)
Missiles
 c - 10 tomahawks of dispersal
 d - 682 stones (quivered)
 k - 89 poisoned needles
Armour
 b - a +0 robe (worn)
Scrolls
 f - a scroll of blinking {unknown}
 h - a scroll of teleportation {unknown}
 i - 3 scrolls of remove curse {unknown}
 j - a scroll of amnesia {unknown}
Potions
 g - 2 potions of curing
 l - a potion of might {unknown}
 m - a potion of heal wounds {unknown}
 n - a potion of brilliance {unknown}
 o - a potion of degeneration {unknown}
 p - a potion of cancellation {unknown}
Comestibles
 e - a ration {!d}


   Skills:
 + Level 2.9 Fighting
 + Level 3.9 Short Blades
 + Level 1.1 Throwing
 + Level 4.4 Dodging
 * Level 2.9 Stealth
 + Level 2.1 Invocations


You had 3 spell levels left.
You didn't know any spells.
Your spell library was empty.

Dungeon Overview and Level Annotations

Branches:
Dungeon (2/12)

Altars:

Annotations:
D:2 Sigmund


Innate Abilities, Weirdness & Mutations

You are very small and have problems with some larger weapons.
You are too small for most types of armour.
You have supernaturally acute eyesight. (SInv)
You are a herbivore.
You cover ground extremely quickly.
You need to consume almost no food.


Message History

You bump into the rock wall.
You feel less confused.
Sigmund laughs darkly.
Sigmund closely misses you.
You hit Sigmund.
Sigmund is lightly wounded.
Sigmund hits you with a +0 scythe of venom!
You are lethally poisoned!
You hit Sigmund.
Sigmund is moderately wounded.
You feel sick.
You barely miss Sigmund.
Sigmund is moderately wounded.
You feel sick. Sigmund gestures at you while chanting. The magic dart hits you!
* * * LOW HITPOINT WARNING * * *
Okay, then.
Space bends around you!
You blink.
You die...

#..........# ##########.#
#.# ##########.#
#..........# #.##########
##. #.# #.. #.# #.# #@# #.#
#.# #.# #.# #.## #ยง# #.##
##########@#############.##
......$...(...>##........##
#.#######...#$#.......#..##
#.#.##.##.###.#..## #.#.#
##.# #.#....


You could see Sigmund (invisible).

Vanquished Creatures
  4 gnolls
  2 adders (D:2)
  A worm (D:2)
  A dart slug (D:1)
  4 leopard geckos
  3 giant cockroaches (D:2)
  4 goblins
  3 hobgoblins
  4 jackals (D:1)
  4 bats
  3 frilled lizards
  7 kobolds
  A rat (D:1)
41 creatures vanquished.

Notes
Turn   | Place    | Note
-------+----------+-------------------------------------------
     0 | Abyss:1  | Foic the Spriggan Abyssal Knight began the quest for the
                  | Orb.
     0 | Abyss:1  | Reached XP level 1. HP: 11/11 MP: 3/3
    59 | Abyss:1  | Noticed a raiju
    60 | D:1      | Escaped the Abyss
   708 | D:1      | Reached * piety under Lugonu
   892 | D:1      | Reached skill level 1 in Stealth
   892 | D:1      | Reached XP level 2. HP: 16/16 MP: 4/4
  1232 | D:1      | Reached skill level 4 in Dodging
  1701 | D:2      | Reached XP level 3. HP: 19/19 MP: 5/5
  2125 | D:1      | Reached XP level 4. HP: 8/23 MP: 6/6
  2838 | D:2      | Noticed Sigmund
  2860 | D:2      | Succumbed to Sigmund's poison

Skill      XL: |  1  2  3 |
---------------+----------+-----
Stealth        | 1 2 |  2.9
Dodging        | 4 |  4.4
Short Blades   | 3 |  3.9
Fighting       | |  2.9
Throwing       | |  1.1
Invocations    | |  2.1

Action                   |  1- 3 |  4- 6 || total
-------------------------+-------+-------++-------
Melee: Short sword       |   123 |    52 ||   175
Throw: Stone             |    12 |     3 ||    15
Invok: Depart the Abyss  |     1 |       ||     1
       Bend Space        |       |     1 ||     1
  Use: Potion            |     1 |       ||     1
 Stab: Sleeping          |     1 |     5 ||     6
Armor: Robe              |     8 |     4 ||    12
Dodge: Dodged            |   107 |    33 ||   140
